 Dungeon Crawl Stone Soup version 0.26.1-11-gd32895ea62 (webtiles) character file.

Game seed: 17879612719295359295

597 raph the Spear-Bearer (level 7, 0/75 HPs)
             Began as a Merfolk Gladiator on Apr 18, 2021.
             Was an Initiate of the Shining One.
             Hit by a boomerang thrown by an orc warrior (1 damage)
             ... on level 4 of the Dungeon.
             The game lasted 00:08:18 (5794 turns).

raph the Spear-Bearer (Merfolk Gladiator)           Turns: 5794, Time: 00:08:20

Health: 0/75       AC:  4    Str: 14    XL:     7   Next: 40%
Magic:  7/7        EV: 14    Int:  8    God:    the Shining One [......]
Gold:   179        SH:  0    Dex: 17    Spells: 6/6 levels left

rFire    . . .     SeeInvis .   a - +1 trident
rCold    . . .     Faith    .   (no shield)
rNeg     . . .     Spirit   .   b - +0 leather armour
rPois    .         Reflect  .   c - +0 helmet
rElec    .         Harm     .   (no cloak)
rCorr    .         Rampage  .   (no gloves)
Will     .....                  (no boots)
Stlth    ..........             h - amulet of the acrobat
HPRegen  0.22/turn              (no ring)
MPRegen  0.10/turn              (no ring)

@: berserking, glowing, very quick
A: change form in water, swift swim, stealthy swim
a: Renounce Religion


You were on level 4 of the Dungeon.
You worshipped the Shining One.
The Shining One was noncommittal.
You visited 1 branch of the dungeon, and saw 4 of its levels.

You collected 179 gold pieces.

Inventory:

Hand Weapons
 a - a +1 trident (weapon)
Missiles
 d - 3 throwing nets (quivered)
 x - 3 boomerangs
Armour
 b - a +0 leather armour (worn)
 c - a +0 helmet (worn)
Jewellery
 h - an amulet of the acrobat (around neck)
Wands
 m - a wand of paralysis (8)
 n - a wand of polymorph (8)
Scrolls
 e - a scroll of immolation
 f - a scroll of teleportation
 q - 5 scrolls of enchant weapon
 t - a scroll of magic mapping
 w - a scroll of remove curse {unknown}
Potions
 g - a potion of flight {unknown}
 i - a potion of might {unknown}
 j - a potion of heal wounds {unknown}
 k - 4 potions of curing
 l - a potion of invisibility {unknown}
 o - a potion of lignification
 r - a potion of ambrosia {unknown}
 s - a potion of attraction
 u - a potion of cancellation {unknown}
 v - a potion of resistance {unknown}


   Skills:
 - Level 2.1 Fighting
 + Level 11.6 Polearms
 - Level 2.0 Throwing
 - Level 4.0 Dodging


You had 6 spell levels left.
You didn't know any spells.
Your spell library contained the following spells:

 Spells                   Type           Power        Failure   Level
 Corpse Rot               Necr/Air       N/A          63%         2


Dungeon Overview and Level Annotations

Branches:
Dungeon (4/15)
 Temple: D:4-7

Altars:
Fedhas
Hepliaklqana
Sif Muna
Trog
Xom
Yredelemnul
The Shining One

Annotations:
D:2 Sigmund


Message History

Press: ? - help, Dir - move target, f/p - orc warrior
Aim: an orc warrior, wielding a +0 war axe, wearing a +0 plate armour and quivering 6 boomerangs (severely wounded)
You reach to attack!
You closely miss the orc warrior.
The orc warrior is severely wounded.
The orc warrior throws a boomerang.
The boomerang hits you.
* * * LOW HITPOINT WARNING * * *
The weapon returns to the orc warrior!
Reach: a) +1 trident
Press: ? - help, Dir - move target, f/p - orc warrior
Aim: an orc warrior, wielding a +0 war axe, wearing a +0 plate armour and quivering 6 boomerangs (severely wounded)
You reach to attack!
You closely miss the orc warrior.
The orc warrior is severely wounded.
Unknown command.
Reach: a) +1 trident
Press: ? - help, Dir - move target, f/p - orc warrior
Aim: an orc warrior, wielding a +0 war axe, wearing a +0 plate armour and quivering 6 boomerangs (severely wounded)
You reach to attack!
You hit the orc warrior.
The orc warrior is almost dead.
The orc warrior throws a boomerang.
The boomerang hits you.
You die...

#. #.# ..## #...
#...## #...##
#####...##
#._.##@..##
#...###.o.## ##.#
##...#∩#...# ...
#####...###.).#
##..# #..
##...##._.# ....
#.# ##...##### #..#
#.# ###...##
#..####.####.##...#
#........)........#


You could see an orc warrior.

Vanquished Creatures
  An ogre (D:3)
  2 hounds (D:4)
  3 orc wizards (D:4)
  2 orc priests
  Terence (D:2)
  Jessica (D:2)
  Natasha (twice) (D:2)
  3 hound skeletons (D:3)
  6 adders
  A gnoll (D:1)
  An adder skeleton (D:3)
  2 worms
  A dart slug (D:2)
  2 leopard geckos
  11 orcs
  7 bats
  2 giant cockroaches
  15 goblins
  7 hobgoblins
  4 jackals (D:1)
  A quokka (D:2)
  3 ball pythons
  4 frilled lizards
  A jackal skeleton (D:3)
  10 kobolds
  A leopard gecko skeleton (D:3)
  A leopard gecko zombie (D:3)
  6 rats
101 creatures vanquished.

Notes
Turn   | Place    | Note
-------+----------+-------------------------------------------
     0 | D:1      | raph the Merfolk Gladiator began the quest for the Orb.
     0 | D:1      | Reached XP level 1. HP: 16/16 MP: 1/1
   223 | D:1      | Reached skill level 5 in Polearms
   225 | D:1      | Reached XP level 2. HP: 9/22 MP: 2/2
  1066 | D:1      | Reached skill level 6 in Polearms
  1066 | D:1      | Reached XP level 3. HP: 14/27 MP: 3/3
  1764 | D:2      | Noticed Natasha
  1770 | D:2      | Killed Natasha
  1771 | D:2      | Reached skill level 7 in Polearms
  1771 | D:2      | Reached XP level 4. HP: 25/33 MP: 4/4
  2091 | D:2      | Noticed Terence
  2158 | D:2      | Killed Terence
  2448 | D:2      | Noticed Jessica
  2452 | D:2      | Killed Jessica
  2453 | D:2      | Reached skill level 8 in Polearms
  2453 | D:2      | Reached XP level 5. HP: 26/38 MP: 5/5
  2743 | D:2      | Noticed Sigmund
  2845 | D:2      | Noticed Natasha
  2916 | D:2      | Killed Natasha
  3152 | D:2      | Reached skill level 9 in Polearms
  3687 | D:3      | Reached XP level 6. HP: 42/44 MP: 6/6
  3715 | D:3      | Reached skill level 10 in Polearms
  3725 | D:3      | Found a blossoming altar of Fedhas.
  3725 | D:3      | Found a shimmering altar of Xom.
  3731 | D:3      | Found a hazy altar of Hepliaklqana.
  3733 | D:3      | Found a glowing golden altar of the Shining One.
  3734 | D:3      | Found a basalt altar of Yredelemnul.
  3747 | D:3      | Became a worshipper of the Shining One
  5058 | D:4      | Reached XP level 7. HP: 43/50 MP: 7/7
  5113 | D:4      | Reached * piety under the Shining One
  5114 | D:4      | Reached skill level 11 in Polearms
  5762 | D:4      | Found a shimmering blue altar of Sif Muna.
  5768 | D:4      | Identified Sif Muna's Reference Book on Evil Rituals
  5774 | D:4      | Found a bloodstained altar of Trog.
  5792 | D:4      | HP: 1/75 [orc warrior/boomerang (3)]
  5794 | D:4      | Hit by a boomerang thrown by an orc warrior

Illustrated notes

Levels and vault maps discovered:
D:1:      ebering_trefoil_twist, layout_basic
D:2:      layout_basic, minivault_4, minmay_split_cup_small, uniq_natasha,
          uniq_terence, uniq_jessica, uniq_sigmund
D:3:      cheibrodos_pilgrimage, layout_loops_corners,
          chequers_temple_overflow_minitemple, serial_undead, serial_undead_d,
          serial_undead_d, serial_undead_b, serial_undead_c, serial_undead_d,
          serial_undead_e, serial_undead_e
D:4:      layout_loops_ring, nzn_overflow_gifts_of_might_and_magic,
          marbit_many_paths, grunt_ministairs_13, uniq_pikel

Skill      XL: |  1  2  3  4  5  6  7 |
---------------+----------------------+-----
Polearms       | 5 6 7 8 9 10 11 | 11.6
Fighting       | |  2.1
Throwing       | |  2.0
Dodging        | |  4.0

Action                   |  1- 3 |  4- 6 |  7- 9 || total
-------------------------+-------+-------+-------++-------
Melee: Trident           |   108 |   208 |    56 ||   372
  Use: Scroll            |       |     9 |       ||     9
       Potion            |       |       |     1 ||     1
 Stab: Sleeping          |     1 |     5 |       ||     6
Armor: Leather armour    |    18 |    21 |     2 ||    41
Dodge: Dodged            |    88 |    89 |    21 ||   198
